 Dungeon Crawl Stone Soup version 0.30.0 (webtiles) character file.

Game seed: 7607483387001891583

19 gameson the Ruffian (level 2, -3/23 HPs)
             Began as a Draconian Transmuter on Dec 12, 2023.
             Slain by a kobold
             ... wielding a +0 whip
              (5 damage)
             ... on level 2 of the Dungeon.
             The game lasted 00:08:26 (835 turns).

gameson the Ruffian (Draconian Transmuter)           Turns: 835, Time: 00:08:27

Health: -3/23      AC:  4    Str: 12    XL:     2   Next: 55%
Magic:  3/5        EV:  9    Int: 13    God:
Gold:   65         SH:  0    Dex: 11    Spells: 4/5 levels left

rFire   . . .        a - +0 short sword
rCold   . . .        (no shield)
rNeg    . . .        (body armour unavailable)
rPois   .            (helmet currently unavailable)
rElec   .            (no cloak)
rCorr   .            (no gloves)
SInv    .            (boots currently unavailable)
Will    .....        b - amulet of the acrobat
Stlth   +            (no ring)
HPRegen 0.23/turn    (no ring)
MPRegen 0.09/turn

%: acrobat
@: appendages (expiring), constricted
A: horns 2, talons 2, AC +4, unfitting armour, cold-blooded
a: End Transformation


You were on level 2 of the Dungeon.
You had temporarily grown beastly horns and talons.
You visited 1 branch of the dungeon, and saw 2 of its levels.

You collected 65 gold pieces.

Inventory:

Hand Weapons
 a - a +0 short sword (weapon)
 e - a +0 dagger
Armour
 c - a +0 leather armour of fire resistance
 d - a +0 ring mail
Jewellery
 b - an amulet of the acrobat (around neck)


   Skills:
 + Level 1.2 Fighting
 + Level 1.9 Dodging
 + Level 3.6 Unarmed Combat
 + Level 2.1 Spellcasting
 + Level 2.0 Transmutations


You had 4 spell levels left.
You knew the following spells:

 Your Spells              Type           Power      Damage    Failure   Level
a - Beastly Appendage     Tmut           12%        N/A       11%         1

Your spell library contained the following spells:

 Spells                   Type           Power      Damage    Failure   Level
 Wereblood                Tmut           6%         N/A       16%         2
 Apportation              Tloc           2%         N/A       26%         1
 Necrotise                Necr           4%         1d4       26%         1
 Summon Small Mammal      Summ           4%         N/A       26%         1
 Spider Form              Tmut/Pois      4%         N/A       45%         3
 Ice Form                 Ice/Tmut       4%         N/A       86%         4


Dungeon Overview and Level Annotations

Branches:
Dungeon (2/15)

Altars:

Annotations:
D:1 2 exclusions


Innate Abilities, Weirdness & Mutations

You have temporarily grown beastly horns and talons.
Your plain brown scales are hard. (AC +4)
You cannot fit into any form of body armour.
You are cold-blooded and may be slowed by cold attacks.


Message History

Your transformation is almost over.
The ball python bites you. The ball python constricts you.
The giant cockroach waves its antennae.
The giant cockroach bites you but does no damage.
The quokka barely misses you. The endoplasm hits you.
You miss the quokka. The ball python misses you.
The ball python constricts you.
The giant cockroach bites you but does no damage.
The quokka closely misses you.
The ball python bites you but does no damage.
The ball python constricts you. The endoplasm barely misses you.
You barely miss the quokka. Your headbutt misses the quokka.
A ball python comes into view.
The giant cockroach bites you but does no damage.
The quokka bites you but does no damage.
The ball python bites you but does no damage.
The ball python constricts you.
The giant cockroach bites you but does no damage.
The quokka bites you but does no damage.
The endoplasm freezes you.
You are frozen.
* * * LOW HITPOINT WARNING * * *
The kobold closely misses you.
The ball python hisses angrily.
You hit the quokka. You claw the quokka.
The quokka is heavily wounded.
The ball python barely misses you. The ball python constricts you.
The giant cockroach bites you but does no damage.
The quokka barely misses you. The kobold hits you but does no damage.
The endoplasm hits you but does no damage.
You hit the quokka. Your kick misses the quokka.
Your headbutt misses the quokka.
The quokka is severely wounded.
The ball python bites you but does no damage.
The ball python constricts you.
* * * LOW HITPOINT WARNING * * *
The giant cockroach bites you but does no damage.
The quokka completely misses you. The endoplasm misses you.
The kobold hits you with a +0 whip.
You die...

.#. .# .. ##.####
.###.###.....#
....S........#
.#>.[........#
......$......
#....SrB.#
#....J@..+
#....K.).#+###.#
#..............#
####+###+#'#####
#.#.#.#
#...#.############
#...†..[$..)....<†
#####.############
...#


You could see an endoplasm, a quokka, a giant cockroach, 2 ball pythons and a
kobold.

Vanquished Creatures
  An endoplasm (D:1)
  2 giant cockroaches
  2 goblins (D:1)
  3 hobgoblins
  2 kobolds (D:1)
  A quokka (D:1)
  2 ball pythons (D:1)
  2 frilled lizards
  2 rats
17 creatures vanquished.

Vanquished Creatures (others)
  3 plants (D:1)
3 creatures vanquished.

Grand Total: 20 creatures vanquished

Notes
Turn   | Place    | Note
-------+----------+-------------------------------------------
     0 | D:1      | gameson the Draconian Transmuter began the quest for the
                  | Orb.
     0 | D:1      | Reached XP level 1. HP: 16/16 MP: 3/3
   463 | D:1      | Reached XP level 2. HP: 23/23 MP: 1/5
   515 | D:1      | e
   835 | D:2      | Slain by a kobold

Illustrated notes

..P..### #...###
..P..†##+#.......
#.P♣.............
#.P♣♣♣.†.........
#.P.♣♣P..........
>...P.♣.P........
#.#...♣♣.†.########
#.##...♣P.........###
................@...#
.######...........#'####..
## #.##..##...........♣
......♣#♣.♣.....###♣♣
#.###............# #.
#.#♣.♣.♣.....# # #.
#...####.... .. ♣.♣.♣ .###
### ## .#


Turn 515 on D:1: e

Levels and vault maps discovered:
D:1:      lemuel_arrival_muddy, layout_basic, serial_forest,
          infiniplex_forest_end_2, infiniplex_forest_lined_3,
          infiniplex_forest_lined_room_, infiniplex_forest_lined_room_2,
          infiniplex_forest_straight_2, infiniplex_forest_lined_corner,
          infiniplex_forest_end_3, infiniplex_forest_clump_diagonal
D:2:      layout_basic, serial_shops, nicolae_shop_behind_doors, minivault_23,
          minmay_box_of_dots, uniq_terence

Action                     || total
---------------------------++-------
  Melee: Unarmed           ||    18
         Tailslap          ||    14
         Punch             ||     4
         Short sword       ||    54
         Kick              ||     4
         Headbutt          ||     3
   Cast: Beastly Appendage ||     7
    Use: Potion            ||     1
 Armour: Skin              ||    27
  Dodge: Dodged            ||    36
